[Event "European Womens-ch 2025"]
[Site "Rhodes"]
[Date "2025.04.05"]
[Round "6.21"]
[White "Brunello, Marina"]
[Black "Mgeladze, Kesaria"]
[Result "0-1"]
[Annotator "ChessBase"]
[ECO "B57"]
[WhiteElo "2330"]
[BlackElo "2200"]
[PlyCount "80"]
[EventDate "2025.03.29"]
[EventType "swiss"]
[EventCountry "GRE"]
[SourceTitle "playchess.com"]
[Source "ChessBase"]
[SourceQuality "1"]
[TimeControl "40/5400+30:1800+30"]

1. e4 c5 2. Nf3 d6 3. d4 cxd4 4. Nxd4 Nf6 5. Nc3 Nc6 6. Bc4 Qb6 7. Nxc6 bxc6 8. Bb3 e5 9. Be3 Qc7 10. Qd2 Be7 11. f3 O-O 12. O-O-O Be6 13. Qf2 Rad8 14. g4 Bxb3 15. axb3 d5 16. Qg3 dxe4 17. fxe4 Qa5 18. Qf3 Nd7 19. Rhf1 Bc5 20. Bg5 f6 21. Bd2 Bb4 22. Nb1 Bxd2+ 23. Rxd2 Nc5 24. Rxd8 Rxd8 25. g5 Rf8 26. Qf5 g6 27. Qf3 f5 28. exf5 Rxf5 29. Qe2 Qb5 30. Qxb5 cxb5 31. Rxf5 gxf5 32. Nc3 a6 33. b4 Ne6 34. Nd5 Kf7 35. h4 f4 36. b3 Kg6 37. c4 Kh5 38. Nf6+ Kxh4 39. Nxh7 f3 40. Kd2 Kh3 0-1

[Event "European Womens-ch 2025"]
[Site "Rhodes"]
[Date "2025.04.05"]
[Round "6.22"]
[White "Gaboyan, Susanna"]
[Black "Antolak, Julia"]
[Result "1-0"]
[Annotator "ChessBase"]
[ECO "B22"]
[WhiteElo "2200"]
[BlackElo "2314"]
[PlyCount "95"]
[EventDate "2025.03.29"]
[EventType "swiss"]
[EventCountry "GRE"]
[SourceTitle "playchess.com"]
[Source "ChessBase"]
[SourceQuality "1"]
[TimeControl "40/5400+30:1800+30"]

1. e4 c5 2. c3 d5 3. exd5 Nf6 4. Bb5+ Nbd7 5. c4 a6 6. Ba4 b5 7. cxb5 Nxd5 8. Nc3 e6 9. Nf3 N5b6 10. Bc2 axb5 11. Nxb5 Ba6 12. Nc3 Be7 13. d3 O-O 14. O-O Nd5 15. Nxd5 exd5 16. Re1 d4 17. b4 cxb4 18. Bb2 Bf6 19. Bxd4 Bxd4 20. Nxd4 Qf6 21. Nf3 Nc5 22. d4 Ne6 23. Be4 Rad8 24. d5 Nc5 25. Qc2 Nxe4 26. Qxe4 Bb7 27. Rad1 g6 28. Rd3 Qd6 29. Red1 Rfe8 30. Qd4 Re2 31. h4 Rxa2 32. Ng5 Ra6 33. Ne4 Qe7 34. Qc4 Qxh4 35. Qxb4 Bc8 36. Rd4 Qh6 37. Qe7 Qf8 38. d6 Bf5 39. Nf6+ Kh8 40. Qe5 Qg7 41. g4 Bc2 42. Re1 Ra5 43. Qxa5 Qxf6 44. g5 Qxd4 45. Qxd8+ Kg7 46. Qf6+ Qxf6 47. gxf6+ Kxf6 48. d7 1-0

[Event "European Womens-ch 2025"]
[Site "Rhodes"]
[Date "2025.04.05"]
[Round "6.23"]
[White "Zhukova, Natalia"]
[Black "Jarocka, Liwia"]
[Result "1/2-1/2"]
[Annotator "ChessBase"]
[ECO "D27"]
[WhiteElo "2306"]
[BlackElo "2231"]
[PlyCount "114"]
[EventDate "2025.03.29"]
[EventType "swiss"]
[EventCountry "GRE"]
[SourceTitle "playchess.com"]
[Source "ChessBase"]
[SourceQuality "1"]
[TimeControl "40/5400+30:1800+30"]

1. Nf3 d5 2. e3 Nf6 3. c4 e6 4. Nc3 dxc4 5. Bxc4 a6 6. d4 c5 7. O-O b5 8. Bb3 Bb7 9. e4 cxd4 10. Nxd4 Nc6 11. Nxc6 Qxd1 12. Rxd1 Bxc6 13. f3 Bc5+ 14. Kf1 Ke7 15. Bf4 Rhc8 16. Rac1 Ba7 17. Ne2 Bb7 18. Bd6+ Ke8 19. Nf4 Be3 20. Rxc8+ Rxc8 21. Ke2 Bc5 22. Bxc5 Rxc5 23. Nd3 Rc7 24. a4 bxa4 25. Bxa4+ Ke7 26. b4 Bc8 27. Ra1 Nd7 28. Kd2 Nb6 29. Bb3 Nd7 30. Ra5 Nb8 31. Ba4 Rc4 32. Bb3 Rc7 33. Ba4 Rc4 34. b5 axb5 35. Ra7+ Kd8 36. Bxb5 Rc7 37. Ra8 Rb7 38. Ba4 Nd7 39. Bxd7 Rxd7 40. Ke3 Rc7 41. h4 Ke7 42. g4 f6 43. e5 Kf7 44. exf6 gxf6 45. Ra5 Bd7 46. g5 Be8 47. Nc5 Bc6 48. f4 Ke7 49. Kd4 Be8 50. Ne4 fxg5 51. hxg5 Bg6 52. Nf6 Rb7 53. Ra8 Rb4+ 54. Kc5 Rxf4 55. Ra7+ Kf8 56. Nxh7+ Bxh7 57. Rxh7 Rf5+ 1/2-1/2

[Event "European Womens-ch 2025"]
[Site "Rhodes"]
[Date "2025.04.05"]
[Round "6.24"]
[White "Karacsonyi, Kata"]
[Black "Yao, Lan"]
[Result "1-0"]
[Annotator "ChessBase"]
[ECO "B51"]
[WhiteElo "2198"]
[BlackElo "2294"]
[PlyCount "169"]
[EventDate "2025.03.29"]
[EventType "swiss"]
[EventCountry "GRE"]
[SourceTitle "playchess.com"]
[Source "ChessBase"]
[SourceQuality "1"]
[TimeControl "40/5400+30:1800+30"]

1. e4 c5 2. Nf3 d6 3. Bb5+ Nd7 4. a4 Ngf6 5. Nc3 g6 6. a5 a6 7. Bc4 Bg7 8. Bxf7+ Kf8 9. Ng5 Ne5 10. Ne6+ Bxe6 11. Bxe6 Nc6 12. d3 Nxa5 13. Nd5 Nc6 14. Nf4 Qe8 15. h4 Nd8 16. g4 Qc6 17. g5 Nd7 18. Bd5 Qb6 19. Qg4 Ke8 20. Ne6 Nxe6 21. Qxe6 Bxb2 22. Bxb2 Qxb2 23. O-O Qe5 24. Qxe5 Nxe5 25. Bxb7 Rb8 26. Rxa6 Nf3+ 27. Kg2 Rf8 28. Rb1 Kd8 29. Ra8 Rxa8 30. Bxa8 Kc8 31. Kg3 Nd4 32. Rb7 Rf7 33. Rb2 Ne2+ 34. Kg2 Nf4+ 35. Kg3 Ne2+ 36. Kg2 Nf4+ 37. Kf1 Nh3 38. c3 Nf4 39. Bb7+ Kc7 40. Ba6 Kc6 41. d4 cxd4 42. cxd4 e6 43. Bb5+ Kc7 44. Rc2+ Kd8 45. f3 Rb7 46. Ba6 Ra7 47. Ra2 Ke7 48. Bc4 Rc7 49. Be2 e5 50. d5 Rc1+ 51. Kf2 Rh1 52. Ra7+ Kf8 53. Bf1 Rxh4 54. Rd7 Rh2+ 55. Ke1 Rh5 56. Rxd6 Rxg5 57. Rd7 Rh5 58. d6 Rh1 59. Kf2 Rh2+ 60. Ke3 Rb2 61. Rd8+ Kg7 62. d7 Rb3+ 63. Kd2 Ne6 64. Re8 Rb4 65. Rxe6 Rd4+ 66. Ke3 Rxd7 67. Rxe5 Kf6 68. Rd5 Ra7 69. Kf4 h6 70. Rd6+ Kg7 71. Bh3 Ra5 72. Rd7+ Kf8 73. Rh7 Kg8 74. Rd7 Kf8 75. e5 Ra4+ 76. Kg3 h5 77. Be6 g5 78. Rf7+ Ke8 79. Bd7+ Kxf7 80. Bxa4 Ke6 81. f4 h4+ 82. Kg4 gxf4 83. Kxf4 h3 84. Bb3+ Ke7 85. Ke4 1-0

[Event "European Womens-ch 2025"]
[Site "Rhodes"]
[Date "2025.04.05"]
[Round "6.25"]
[White "Terbe, Zsuzsanna"]
[Black "Doluhanova, Evgeniya"]
[Result "1/2-1/2"]
[Annotator "ChessBase"]
[ECO "E48"]
[WhiteElo "2179"]
[BlackElo "2287"]
[PlyCount "37"]
[EventDate "2025.03.29"]
[EventType "swiss"]
[EventCountry "GRE"]
[SourceTitle "playchess.com"]
[Source "ChessBase"]
[SourceQuality "1"]
[TimeControl "40/5400+30:1800+30"]

1. d4 Nf6 2. c4 e6 3. Nc3 Bb4 4. e3 O-O 5. Bd3 Re8 6. Nge2 d5 7. cxd5 exd5 8. Qc2 c6 9. O-O Nbd7 10. Bd2 Nf8 11. f3 Ng6 12. Rae1 Bd6 13. Ng3 Bxg3 14. hxg3 Qd6 15. Ne2 Bd7 16. b4 b6 17. e4 dxe4 18. fxe4 Qe7 19. Bg5 1/2-1/2

[Event "European Womens-ch 2025"]
[Site "Rhodes"]
[Date "2025.04.05"]
[Round "6.26"]
[White "Mkrtchyan, Mariam"]
[Black "Prado Acebo, Ines"]
[Result "1/2-1/2"]
[Annotator "ChessBase"]
[ECO "D37"]
[WhiteElo "2282"]
[BlackElo "2199"]
[PlyCount "114"]
[EventDate "2025.03.29"]
[EventType "swiss"]
[EventCountry "GRE"]
[SourceTitle "playchess.com"]
[Source "ChessBase"]
[SourceQuality "1"]
[TimeControl "40/5400+30:1800+30"]

1. d4 d5 2. c4 e6 3. Nc3 Nf6 4. Nf3 Nbd7 5. Bf4 Bb4 6. cxd5 Nxd5 7. Bd2 N5f6 8. a3 Bxc3 9. Bxc3 b6 10. e3 Bb7 11. Be2 O-O 12. O-O Ne4 13. Rc1 Nxc3 14. Rxc3 c5 15. dxc5 Nxc5 16. b4 Ne4 17. Qxd8 Rfxd8 18. Rc7 Nd6 19. Rd1 Bd5 20. h3 Ne8 21. Rcc1 Bb7 22. Ne5 Kf8 23. Bb5 f6 24. Bc6 Bxc6 25. Nxc6 Rxd1+ 26. Rxd1 a6 27. Rd7 Rc8 28. Nd4 Rc1+ 29. Kh2 e5 30. Ne6+ Kg8 31. Re7 Rc8 32. f4 exf4 33. exf4 g6 34. Ra7 Rc6 35. f5 gxf5 36. Nd4 Rc4 37. Nxf5 Nc7 38. Rb7 Rc3 39. Rxb6 Rxa3 40. Rb8+ Kf7 41. Nd6+ Ke6 42. Ne4 Nd5 43. Rb7 Ra2 44. Rxh7 Nxb4 45. h4 Kf5 46. Ng3+ Kg6 47. Rd7 Ra5 48. h5+ Kh6 49. Rd6 Nd5 50. Ne4 Ra4 51. Ng3 Ra5 52. Kh3 Nf4+ 53. Kg4 Nxh5 54. Nxh5 Rg5+ 55. Kf3 Kxh5 56. Rxa6 Kg6 57. Rb6 Ra5 1/2-1/2

[Event "European Womens-ch 2025"]
[Site "Rhodes"]
[Date "2025.04.05"]
[Round "6.27"]
[White "Avramidou, Anastasia"]
[Black "Rodshtein, Tereza"]
[Result "1/2-1/2"]
[Annotator "ChessBase"]
[ECO "C54"]
[WhiteElo "2275"]
[BlackElo "2171"]
[PlyCount "160"]
[EventDate "2025.03.29"]
[EventType "swiss"]
[EventCountry "GRE"]
[SourceTitle "playchess.com"]
[Source "ChessBase"]
[SourceQuality "1"]
[TimeControl "40/5400+30:1800+30"]

1. e4 e5 2. Nf3 Nc6 3. Bc4 Nf6 4. d3 Bc5 5. Bg5 h6 6. Bh4 g5 7. Bg3 d6 8. c3 a6 9. Nbd2 Ba7 10. a4 O-O 11. O-O Qe7 12. b4 Be6 13. b5 Bxc4 14. Nxc4 Nb8 15. b6 Bxb6 16. Nxb6 cxb6 17. Nd2 Nbd7 18. Nc4 Qe6 19. Ne3 Kh7 20. c4 Ne8 21. Rb1 Rc8 22. Nd5 Rc6 23. f3 Ng7 24. Bf2 f5 25. Nxb6 Nxb6 26. Bxb6 Qc8 27. a5 Ne6 28. Rb2 Nc5 29. exf5 Rxf5 30. d4 exd4 31. Qxd4 Rf7 32. Re1 Qf5 33. Re8 Rg7 34. g4 Qf4 35. Bxc5 dxc5 36. Qd3+ Rcg6 37. Rd2 Qd4+ 38. Qxd4 cxd4 39. Rxd4 Rc6 40. Red8 Rc5 41. R8d5 Rgc7 42. Rd7+ Rxd7 43. Rxd7+ Kg6 44. Rxb7 Rxa5 45. Rb6+ Kg7 46. Kf2 Ra4 47. Rc6 Ra3 48. Kg3 a5 49. Ra6 Rc3 50. h4 Rxc4 51. Rxa5 Kg6 52. Ra6+ Kg7 53. Ra7+ Kf6 54. h5 Rc6 55. Rh7 Ke5 56. Rf7 Rf6 57. Re7+ Re6 58. Rg7 Ra6 59. Rb7 Re6 60. Rb3 Rd6 61. Kf2 Re6 62. Rb7 Ra6 63. Rf7 Rf6 64. Re7+ Re6 65. Rxe6+ Kxe6 66. Ke2 Ke5 67. Ke3 Kd5 68. Kf2 Ke5 69. Kg3 Ke6 70. Kg2 Kf6 71. Kf1 Ke5 72. Ke1 Kf4 73. Ke2 Ke5 74. Ke3 Kd5 75. f4 gxf4+ 76. Kxf4 Ke6 77. g5 hxg5+ 78. Kxg5 Kf7 79. h6 Kg8 80. h7+ Kxh7 1/2-1/2

[Event "European Womens-ch 2025"]
[Site "Rhodes"]
[Date "2025.04.05"]
[Round "6.28"]
[White "Khachatryan, Anna"]
[Black "Allahverdiyeva, Ayan"]
[Result "1-0"]
[Annotator "ChessBase"]
[ECO "E32"]
[WhiteElo "2091"]
[BlackElo "2266"]
[PlyCount "52"]
[EventDate "2025.03.29"]
[EventType "swiss"]
[EventCountry "GRE"]
[SourceTitle "playchess.com"]
[Source "ChessBase"]
[SourceQuality "1"]
[TimeControl "40/5400+30:1800+30"]

1. d4 Nf6 2. c4 e6 3. Nc3 Bb4 4. Qc2 d6 5. e4 c5 6. dxc5 Bxc5 7. Nf3 Ng4 8. h3 Nxf2 9. Rh2 f5 10. Bg5 Qa5 11. exf5 exf5 12. Bd2 Qd8 13. b4 Qe7+ 14. Be2 Bb6 15. Nd5 Qe4 16. Qc3 O-O 17. Nxb6 Re8 18. Kxf2 Qxe2+ 19. Kg1 axb6 20. Re1 Qxe1+ 21. Bxe1 Rxa2 22. g3 Ra8 23. Qd3 Nc6 24. Re2 Rxe2 25. Qxe2 Bd7 26. Bc3 h6 1-0

[Event "European Womens-ch 2025"]
[Site "Rhodes"]
[Date "2025.04.05"]
[Round "6.29"]
[White "Kulon, Klaudia"]
[Black "Hapala, Elisabeth"]
[Result "1-0"]
[Annotator "RC"]
[ECO "B49"]
[WhiteElo "2401"]
[BlackElo "2092"]
[PlyCount "61"]
[EventDate "2025.03.29"]
[EventType "swiss"]
[EventCountry "GRE"]
[SourceTitle "playchess.com"]
[Source "ChessBase"]
[SourceQuality "1"]
[TimeControl "40/5400+30:1800+30"]

1. e4 c5 2. Nf3 e6 3. d4 cxd4 4. Nxd4 Nc6 5. Nc3 Qc7 6. Be2 Nf6 7. Be3 a6 8. f4 Bb4 9. Bf3 d5 10. e5 Nd7 11. O-O O-O 12. Nce2 Nb6 13. b3 Bd7 14. a4 Nc8 15. c3 Bc5 16. Kh1 Nxd4 17. cxd4 Be7 18. Rc1 Qd8 19. f5 b5 20. a5 Qxa5 21. Nf4 Qd8 22. f6 gxf6 23. Nh5 f5 24. Bh6 Bg5 25. Bxg5 Qxg5 26. Nf6+ Kh8 27. Nxd7 Rd8 28. Nf6 Ne7 29. Rc7 Ng8 30. Rxf7 Nxf6 31. Rxf6 1-0

[Event "European Womens-ch 2025"]
[Site "Rhodes"]
[Date "2025.04.05"]
[Round "6.30"]
[White "Sliwicka, Alicja"]
[Black "Yildiz, Elif Zeren"]
[Result "1/2-1/2"]
[Annotator "ChessBase"]
[ECO "C54"]
[WhiteElo "2342"]
[BlackElo "2160"]
[PlyCount "84"]
[EventDate "2025.03.29"]
[EventType "swiss"]
[EventCountry "GRE"]
[SourceTitle "playchess.com"]
[Source "ChessBase"]
[SourceQuality "1"]
[TimeControl "40/5400+30:1800+30"]

1. e4 e5 2. Nf3 Nc6 3. Bc4 Bc5 4. d3 Nf6 5. c3 d6 6. b4 Bb6 7. a4 a5 8. b5 Ne7 9. O-O O-O 10. Nbd2 Ng6 11. Bb3 c6 12. Nc4 Be6 13. Nxb6 Bxb3 14. Qxb3 Qxb6 15. Be3 Qc7 16. h3 d5 17. Nd2 Qd7 18. Rab1 Nh5 19. d4 Nhf4 20. Qd1 Rfe8 21. dxe5 Rxe5 22. Bxf4 Nxf4 23. Qf3 Ng6 24. Qg3 Ree8 25. Rfd1 Qe6 26. exd5 Qxd5 27. Nb3 Qf5 28. Nd4 Qc5 29. Nb3 Qf5 30. b6 Nf4 31. Nd4 Qf6 32. Kh2 Re5 33. Qf3 Rc5 34. Rbc1 Nd5 35. Qxf6 gxf6 36. Nf5 Nxb6 37. g4 Nxa4 38. Rd7 b5 39. Nh6+ Kg7 40. Nf5+ Kg8 41. Nh6+ Kg7 42. Nf5+ Kg8 1/2-1/2

[Event "European Womens-ch 2025"]
[Site "Rhodes"]
[Date "2025.04.05"]
[Round "6.31"]
[White "Zawadzka, Jolanta"]
[Black "Abdinova, Narmin"]
[Result "1/2-1/2"]
[Annotator "ChessBase"]
[ECO "C45"]
[WhiteElo "2326"]
[BlackElo "2165"]
[PlyCount "78"]
[EventDate "2025.03.29"]
[EventType "swiss"]
[EventCountry "GRE"]
[SourceTitle "playchess.com"]
[Source "ChessBase"]
[SourceQuality "1"]
[TimeControl "40/5400+30:1800+30"]

1. e4 e5 2. Nf3 Nc6 3. d4 exd4 4. Nxd4 Nf6 5. Nxc6 bxc6 6. e5 Qe7 7. Qe2 Nd5 8. g3 g6 9. c4 Ba6 10. b3 Bg7 11. Bb2 O-O 12. Bg2 Rae8 13. O-O Bxe5 14. Bxe5 Qxe5 15. Qxe5 Rxe5 16. cxd5 Bxf1 17. Kxf1 cxd5 18. Na3 c6 19. Rd1 Rfe8 20. Bf3 f5 21. Nc2 Kg7 22. Rd4 g5 23. Ra4 g4 24. Bd1 Ra8 25. Ne3 Kg6 26. Bc2 h5 27. Ng2 Kf6 28. Rf4 Kg5 29. Nh4 Rf8 30. Ra4 Re7 31. Rxa7 Rfe8 32. Bxf5 Re1+ 33. Kg2 Rd1 34. h3 Ree1 35. f4+ Kf6 36. hxg4 Rg1+ 37. Kf2 Rgf1+ 38. Ke2 Rfe1+ 39. Kf3 Rf1+ 1/2-1/2

[Event "European Womens-ch 2025"]
[Site "Rhodes"]
[Date "2025.04.05"]
[Round "6.32"]
[White "Radeva, Viktoria"]
[Black "Piddubna, Bozhena"]
[Result "1-0"]
[Annotator "ChessBase"]
[ECO "C55"]
[WhiteElo "2297"]
[BlackElo "2145"]
[PlyCount "95"]
[EventDate "2025.03.29"]
[EventType "swiss"]
[EventCountry "GRE"]
[SourceTitle "playchess.com"]
[Source "ChessBase"]
[SourceQuality "1"]
[TimeControl "40/5400+30:1800+30"]

1. e4 e5 2. Nf3 Nc6 3. Bc4 Nf6 4. d3 Be7 5. O-O O-O 6. Re1 d6 7. a4 Na5 8. Ba2 c5 9. c3 Nc6 10. Na3 Be6 11. Bxe6 fxe6 12. Bd2 Kh8 13. Nc2 Nh5 14. d4 Qe8 15. b4 cxd4 16. cxd4 Bf6 17. Be3 Qg6 18. b5 Na5 19. dxe5 dxe5 20. Qd7 Rfe8 21. Qc7 Bd8 22. Qc3 Nf4 23. g3 Nh3+ 24. Kg2 Nf4+ 25. Kh1 Nh3 26. Nxe5 Qxe4+ 27. f3 Qf5 28. Bd4 Bb6 29. Ne3 Bxd4 30. Qxd4 Qf6 31. N3g4 Qf5 32. Nh6 Nf2+ 33. Kg1 Nh3+ 34. Kf1 Nb3 35. Nef7+ Qxf7 36. Nxf7+ Kg8 37. Nh6+ gxh6 38. Qg4+ Ng5 39. f4 Rac8 40. fxg5 Rc4 41. Qe2 hxg5 42. Kg1 Rc3 43. Qh5 Rec8 44. Qxg5+ Kh8 45. Qf6+ Kg8 46. Qxe6+ Kh8 47. Qf6+ Kg8 48. Re7 1-0

[Event "European Womens-ch 2025"]
[Site "Rhodes"]
[Date "2025.04.05"]
[Round "6.33"]
[White "Pavlidou, Ekaterini"]
[Black "Sieber, Fiona"]
[Result "1/2-1/2"]
[Annotator "ChessBase"]
[ECO "E41"]
[WhiteElo "2160"]
[BlackElo "2276"]
[PlyCount "32"]
[EventDate "2025.03.29"]
[EventType "swiss"]
[EventCountry "GRE"]
[SourceTitle "playchess.com"]
[Source "ChessBase"]
[SourceQuality "1"]
[TimeControl "40/5400+30:1800+30"]

1. d4 Nf6 2. c4 e6 3. Nc3 Bb4 4. e3 c5 5. Bd3 Nc6 6. Nge2 cxd4 7. exd4 d5 8. cxd5 Nxd5 9. Bc2 Bd6 10. O-O Qh4 11. g3 Nxc3 12. Nxc3 Qxd4 13. Qf3 Qf6 14. Qd3 Qd4 15. Qf3 Qf6 16. Qd3 Qd4 1/2-1/2

[Event "European Womens-ch 2025"]
[Site "Rhodes"]
[Date "2025.04.05"]
[Round "6.34"]
[White "Schneider, Jana"]
[Black "Zagorac, Lara"]
[Result "1-0"]
[Annotator "ChessBase"]
[ECO "C78"]
[WhiteElo "2251"]
[BlackElo "2106"]
[PlyCount "119"]
[EventDate "2025.03.29"]
[EventType "swiss"]
[EventCountry "GRE"]
[SourceTitle "playchess.com"]
[Source "ChessBase"]
[SourceQuality "1"]
[TimeControl "40/5400+30:1800+30"]

1. e4 e5 2. Nf3 Nc6 3. Bb5 a6 4. Ba4 Nf6 5. O-O b5 6. Bb3 Bc5 7. a4 Rb8 8. axb5 axb5 9. Nxe5 Nxe5 10. d4 Bxd4 11. Qxd4 d6 12. f4 Nc6 13. Qc3 Ne7 14. e5 Ne4 15. Qe1 Nc5 16. Ba2 O-O 17. b4 Na4 18. Na3 c6 19. c4 Be6 20. Be3 dxe5 21. fxe5 Ng6 22. cxb5 Bxa2 23. Rxa2 Qd5 24. Qd2 Qxd2 25. Bxd2 cxb5 26. Re1 Nb6 27. Rc2 Nd7 28. e6 fxe6 29. Rxe6 Nde5 30. h3 Rfd8 31. Ra6 h5 32. Ra7 h4 33. Kh2 Rd7 34. Rxd7 Nxd7 35. Rc7 Nde5 36. Bc3 Ra8 37. Nxb5 Ra2 38. Kg1 Nf7 39. Nd6 Nxd6 40. Rxg7+ Kf8 41. Rxg6 Ne4 42. Bd4 Ng3 43. Rg4 Kf7 44. Rxh4 Ke6 45. Rg4 Nf5 46. Kh2 Kd5 47. Bc5 Nh6 48. Rg5+ Ke4 49. h4 Nf7 50. Rg7 Ne5 51. h5 Kf5 52. h6 Nf3+ 53. Kg3 Ne1 54. Kh3 Ra3+ 55. Kh2 Ra6 56. h7 Rh6+ 57. Kg3 Nd3 58. Be3 Rh1 59. b5 Ne5 60. b6 1-0

[Event "European Womens-ch 2025"]
[Site "Rhodes"]
[Date "2025.04.05"]
[Round "6.35"]
[White "Rida, Ruqayyah"]
[Black "Sandu, Mihaela"]
[Result "0-1"]
[Annotator "ChessBase"]
[ECO "C54"]
[WhiteElo "2065"]
[BlackElo "2230"]
[PlyCount "162"]
[EventDate "2025.03.29"]
[EventType "swiss"]
[EventCountry "GRE"]
[SourceTitle "playchess.com"]
[Source "ChessBase"]
[SourceQuality "1"]
[TimeControl "40/5400+30:1800+30"]

1. e4 e5 2. Nf3 Nc6 3. Bc4 Bc5 4. d3 Nf6 5. O-O d6 6. c3 a6 7. Bb3 h6 8. Re1 Ba7 9. Be3 O-O 10. Nbd2 Re8 11. Bxa7 Rxa7 12. Nc4 Ra8 13. h3 Bd7 14. Ncd2 Be6 15. d4 Bxb3 16. Qxb3 Rb8 17. Rad1 exd4 18. cxd4 d5 19. e5 Nh7 20. Nf1 Nf8 21. Ne3 Ne7 22. Nh4 Ne6 23. Ng4 Ng6 24. Nxg6 fxg6 25. Qg3 g5 26. Re3 Rf8 27. Rf3 Qe7 28. Rxf8+ Rxf8 29. Qd3 Qf7 30. Qe3 c6 31. Rd2 a5 32. Nh2 Qe7 33. Nf1 Rf4 34. Ng3 Qf7 35. f3 Qg6 36. Ne2 Rf8 37. Qb3 Qf7 38. Qc3 h5 39. Ng3 g4 40. hxg4 hxg4 41. fxg4 Qf4 42. Nh5 Qxg4 43. Qh3 Qxh3 44. gxh3 a4 45. Rg2 Rf3 46. Nf6+ Kf7 47. Nh7 Rxh3 48. Ng5+ Nxg5 49. Rxg5 Rh4 50. e6+ Kxe6 51. Rxg7 b5 52. Rg6+ Kd7 53. Kf2 Rxd4 54. Ke3 Rh4 55. Kd3 Kc7 56. Kc3 Rh3+ 57. Kc2 Rh2+ 58. Kc1 a3 59. bxa3 Rxa2 60. Rg3 Kb6 61. Kb1 Rh2 62. Rd3 Rh4 63. Kb2 d4 64. Kb3 c5 65. Rg3 Rh2 66. a4 Ka5 67. axb5 Kxb5 68. Rg5 Rh3+ 69. Kc2 Kc4 70. Kd2 Rh2+ 71. Kd1 Kb4 72. Rd5 Rh4 73. Kd2 c4 74. Rd8 Rh2+ 75. Kd1 Kc3 76. Ra8 Rh1+ 77. Ke2 d3+ 78. Ke3 Re1+ 79. Kf2 d2 80. Ra3+ Kb4 81. Re3 Rxe3 0-1

[Event "European Womens-ch 2025"]
[Site "Rhodes"]
[Date "2025.04.05"]
[Round "6.36"]
[White "Mihaljevic, Eva"]
[Black "Rudzinska, Michalina"]
[Result "0-1"]
[Annotator "ChessBase"]
[ECO "B15"]
[WhiteElo "2039"]
[BlackElo "2223"]
[PlyCount "92"]
[EventDate "2025.03.29"]
[EventType "swiss"]
[EventCountry "GRE"]
[SourceTitle "playchess.com"]
[Source "ChessBase"]
[SourceQuality "1"]
[TimeControl "40/5400+30:1800+30"]

1. e4 c6 2. d4 d5 3. Nd2 dxe4 4. Nxe4 Nf6 5. Nxf6+ exf6 6. c3 Bd6 7. Bd3 O-O 8. Ne2 Re8 9. O-O Nd7 10. Ng3 g6 11. a4 f5 12. f4 Nf6 13. Qf3 Be6 14. Re1 Qd7 15. Bd2 Rad8 16. Kh1 Bc7 17. b4 h5 18. h3 h4 19. Nf1 Kg7 20. Qf2 Rh8 21. Nh2 Nh5 22. c4 Bb6 23. Nf3 Bxd4 24. Nxd4 Qxd4 25. Qxd4+ Rxd4 26. Bc3 Rhd8 27. Rad1 Kh7 28. Bxd4 Rxd4 29. Bf1 Rxf4 30. Rc1 g5 31. Bd3 Rd4 32. Red1 Kg7 33. Kg1 g4 34. Bb1 Rf4 35. Rf1 g3 36. Bd3 Rd4 37. Bxf5 Nf4 38. Bxe6 fxe6 39. Rc2 e5 40. a5 Kf6 41. Rb1 e4 42. Kf1 Ke5 43. Ke1 e3 44. Rb3 Ke4 45. c5 a6 46. Rbc3 Nd5 0-1

[Event "European Womens-ch 2025"]
[Site "Rhodes"]
[Date "2025.04.05"]
[Round "6.37"]
[White "Lehaci, Miruna-Daria"]
[Black "Deak-Sala, Emilia"]
[Result "1/2-1/2"]
[Annotator "ChessBase"]
[ECO "D05"]
[WhiteElo "2212"]
[BlackElo "2112"]
[PlyCount "47"]
[EventDate "2025.03.29"]
[EventType "swiss"]
[EventCountry "GRE"]
[SourceTitle "playchess.com"]
[Source "ChessBase"]
[SourceQuality "1"]
[TimeControl "40/5400+30:1800+30"]

1. d4 Nf6 2. Nf3 e6 3. e3 b6 4. Bd3 Bb7 5. O-O Be7 6. Nbd2 d5 7. b3 O-O 8. Bb2 Nbd7 9. c4 dxc4 10. bxc4 c5 11. Qe2 Rc8 12. Rac1 Rc7 13. Bb1 Qa8 14. Rfd1 Rd8 15. Ne1 Nf8 16. Nb3 cxd4 17. exd4 Ng6 18. g3 a5 19. a3 Ne4 20. Nd2 Nxd2 21. Qxd2 Bf6 22. Qe3 Qc8 23. Qb3 Ba8 24. f3 1/2-1/2

[Event "European Womens-ch 2025"]
[Site "Rhodes"]
[Date "2025.04.05"]
[Round "6.38"]
[White "Mamedjarova, Turkan"]
[Black "Tirpan, Ceren"]
[Result "0-1"]
[Annotator "ChessBase"]
[ECO "B20"]
[WhiteElo "2206"]
[BlackElo "1996"]
[PlyCount "46"]
[EventDate "2025.03.29"]
[EventType "swiss"]
[EventCountry "GRE"]
[SourceTitle "playchess.com"]
[Source "ChessBase"]
[SourceQuality "1"]
[TimeControl "40/5400+30:1800+30"]

1. e4 c5 2. b3 g6 3. Bb2 Nf6 4. e5 Nd5 5. Nf3 Bg7 6. g3 Nc6 7. h3 O-O 8. Bg2 d6 9. Qe2 Ndb4 10. Na3 dxe5 11. O-O-O Nxa2+ 12. Kb1 Nab4 13. Qc4 a5 14. Qxc5 a4 15. bxa4 Rxa4 16. d4 Ra5 17. Qc4 Be6 18. d5 Bxd5 19. Qc3 Bf6 20. Qe3 Qa8 21. h4 Ba2+ 22. Kc1 Nd5 23. Qd3 e4 0-1

[Event "European Womens-ch 2025"]
[Site "Rhodes"]
[Date "2025.04.05"]
[Round "6.39"]
[White "Ibrahimova, Sabina"]
[Black "Huseynova, Lala"]
[Result "1-0"]
[Annotator "ChessBase"]
[ECO "D31"]
[WhiteElo "2199"]
[BlackElo "2065"]
[PlyCount "89"]
[EventDate "2025.03.29"]
[EventType "swiss"]
[EventCountry "GRE"]
[SourceTitle "playchess.com"]
[Source "ChessBase"]
[SourceQuality "1"]
[TimeControl "40/5400+30:1800+30"]

1. c4 e6 2. Nc3 d5 3. d4 Be7 4. cxd5 exd5 5. Bf4 c6 6. e3 Bf5 7. h4 Nd7 8. h5 h6 9. Nge2 Nb6 10. Ng3 Bh7 11. Bd3 Bxd3 12. Qxd3 Nc4 13. b3 Nd6 14. O-O Nf6 15. f3 O-O 16. e4 Nc8 17. e5 Nh7 18. Be3 Qd7 19. f4 f5 20. Na4 Qe6 21. Rf3 a5 22. Ne2 Qf7 23. Rh3 b5 24. Nc5 Bxc5 25. dxc5 a4 26. b4 Ne7 27. Nd4 Rfd8 28. Bf2 Nf8 29. e6 Nxe6 30. Nxe6 Qxe6 31. Re1 Qf7 32. Bd4 Kh7 33. Rg3 g6 34. Rxe7 Qxe7 35. hxg6+ Kg8 36. Rh3 Qe1+ 37. Kh2 Qe4 38. Qd2 Rd7 39. Qf2 Re8 40. Re3 Re6 41. Rxe4 dxe4 42. g7 Re8 43. Be5 Re6 44. Qe2 Rd3 45. Qh5 1-0

[Event "European Womens-ch 2025"]
[Site "Rhodes"]
[Date "2025.04.05"]
[Round "6.40"]
[White "Nenova, Andzhelika"]
[Black "Schippke, Manon"]
[Result "1/2-1/2"]
[Annotator "ChessBase"]
[ECO "C02"]
[WhiteElo "1903"]
[BlackElo "2247"]
[PlyCount "130"]
[EventDate "2025.03.29"]
[EventType "swiss"]
[EventCountry "GRE"]
[SourceTitle "playchess.com"]
[Source "ChessBase"]
[SourceQuality "1"]
[TimeControl "40/5400+30:1800+30"]

1. e4 e6 2. d4 d5 3. e5 c5 4. c3 Nc6 5. Nf3 Nge7 6. Bd3 cxd4 7. cxd4 Nf5 8. Bxf5 exf5 9. Nc3 Be7 10. h4 h6 11. Ne2 f4 12. Nxf4 Bg4 13. Be3 Qa5+ 14. Kf1 O-O-O 15. b4 Bxb4 16. a3 Bc3 17. Rb1 Qxa3 18. Rb3 Qa6+ 19. Kg1 Bxf3 20. gxf3 Qc4 21. Qb1 g5 22. Nd3 Bxd4 23. Bxd4 Nxd4 24. Rb4 Qc2 25. Kg2 Qxb1 26. Rhxb1 Nc6 27. Rxb7 Rd7 28. R7b2 Re8 29. Rc2 Rc7 30. Rbc1 Re6 31. Nc5 Nd4 32. Rd2 Rec6 33. Rxd4 Rxc5 34. Rcd1 a5 35. hxg5 hxg5 36. Kg3 Ra7 37. Ra4 Kd7 38. Kg4 Ke6 39. Kxg5 Kxe5 40. f4+ Kd6 41. Kf6 Kc6 42. f5 Rc4 43. Ra2 a4 44. Re1 Kd6 45. Rh1 Kc5 46. Rh7 Rf4 47. Ke5 Rb4 48. Rh8 Re4+ 49. Kf6 Kb4 50. Rb8+ Kc3 51. Ra3+ Kc4 52. Ra1 a3 53. Rc1+ Kd3 54. Rb3+ Kd2 55. Ra1 Rea4 56. Ra2+ Kc1 57. Rh3 Kb1 58. Rd2 Rc4 59. Rb3+ Kc1 60. Ra2 d4 61. Rbxa3 Rxa3 62. Rxa3 Rc5 63. Rd3 Rd5 64. Kxf7 Rxf5+ 65. Ke6 Rxf2 1/2-1/2